 Dungeon Crawl Stone Soup version 0.19.4 (webtiles) character file.

40 sveltemanboy the Gusty (level 3, -3/19 HPs)
             Began as a Tengu Air Elementalist on Jan 31, 2017.
             Slain by Ijyb (4 damage)
             ... on level 2 of the Dungeon.
             The game lasted 00:07:14 (1367 turns).

sveltemanboy the Gusty (Tengu Air Elementalist)     Turns: 1367, Time: 00:07:15

Health: -3/19      AC:  2    Str:  8    XL:     3   Next: 50%
Magic:  1/7        EV: 12    Int: 16    God:
Gold:   86         SH:  0    Dex: 14    Spells: 3 memorised, 0 levels left

rFire  . . .     SeeInvis .     (no weapon)
rCold  . . .     Gourm    .     a - +0 robe
rNeg   . . .     Faith    .     (no shield)
rPois  .         Spirit   .     (helmet restricted)
rElec  .         Reflect  .     (no cloak)
rCorr  .         Harm     .     (no gloves)
MR     .....                    (boots unavailable)
Stlth  ++........               (no amulet)
                                (no ring)
                                (no ring)

@: no status effects
A: beak, talons 3
a: no special abilities


You were on level 2 of the Dungeon.
You were not hungry.

You visited 1 branch of the dungeon, and saw 2 of its levels.

You collected 86 gold pieces.

Inventory:

Armour
 a - a +0 robe (worn)
Scrolls
 d - a scroll of blinking {unknown}
Books
 b - a book of Air

   Spells                             Type                      Level
   a - Shock                          Conjuration/Air              1
   b - Swiftness                      Charms/Air                   2
   c - Repel Missiles                 Charms/Air                   2
   d - Static Discharge               Conjuration/Air              3
   e - Lightning Bolt                 Conjuration/Air              5
Comestibles
 c - a bread ration
 f - 4 chunks of flesh


   Skills:
 - Level 2.1 Dodging
 - Level 2.0 Stealth
 - Level 2.0 Spellcasting
 + Level 2.2 Conjurations
 + Level 5.5 Air Magic


You couldn't memorise any spells.
You knew the following spells:

 Your Spells              Type           Power        Failure   Level  Hunger
a - Shock                 Conj/Air       ##..         6%          1    #......
b - Repel Missiles        Chrm/Air       ##....       12%         2    ###....
c - Static Discharge      Conj/Air       ##......     14%         3    ###....


Dungeon Overview and Level Annotations

Branches:
Dungeon (2/15)

Altars:
Xom

Annotations:
D:2 Ijyb


Innate Abilities, Weirdness & Mutations

You have a beak for a mouth.
You have claws for feet.


Message History

The zap misses Ijyb.
Ijyb barely misses you.
You hit Ijyb. Your kick misses Ijyb.
Ijyb is heavily wounded.
Ijyb hits you.
* * * LOW HITPOINT WARNING * * *
You barely miss Ijyb. You claw Ijyb, but do no damage.
Ijyb is heavily wounded.
Ijyb barely misses you.
You hit Ijyb but do no damage. You claw Ijyb, but do no damage.
Ijyb is heavily wounded.
Ijyb barely misses you.
You hit Ijyb but do no damage.
Ijyb is heavily wounded.
Ijyb hits you.
* * * LOW HITPOINT WARNING * * *
You hit Ijyb but do no damage. Your peck misses Ijyb.
Ijyb is heavily wounded.
Ijyb barely misses you. Ijyb hits you.
You die...

# ..#.#.# # ..#.#.# # #.#<..#
####### #.#..## .[.......#
#.#..# #............# #....#
.............# #....##
............############....#
...........@g......#.....#.#
#.................#.##..#.#
#.......[..............>...
#.........######......#.#..
##.........# #).....#.#..
#..........# #......#.###
#.....###### ###...#+#.###
#.....# #...........#
.......# #....<...##.#


You could see Ijyb.

Vanquished Creatures
  2 oozes
  A dart slug (D:1)
  2 leopard geckos
  3 bats
  A giant cockroach (D:2)
  4 goblins
  5 hobgoblins
  A ball python (D:1)
  A frilled lizard (D:1)
  4 kobolds (D:1)
  2 rats (D:1)
26 creatures vanquished.

Notes
Turn   | Place    | Note
-------+----------+-------------------------------------------
     0 | D:1      | sveltemanboy the Tengu Air Elementalist began the quest for the Orb.
     0 | D:1      | Reached XP level 1. HP: 10/10 MP: 4/4
    35 | D:1      | Found a shimmering altar of Xom.
    37 | D:1      | Found a bloodstained altar of Trog.
    37 | D:1      | Found a shadowy altar of Dithmenos.
    39 | D:1      | Found a shattered altar of Ashenzari.
    39 | D:1      | Found an opulent altar of Gozag.
    39 | D:1      | Found a white marble altar of Elyvilon.
   264 | D:1      | Reached XP level 2. HP: 15/15 MP: 1/6
   308 | D:1      | Learned a level 2 spell: Repel Missiles
   410 | D:1      | You fall through a shaft!
   450 | D:2      | Reached skill level 5 in Air Magic
   796 | D:1      | Reached XP level 3. HP: 19/19 MP: 3/7
  1075 | D:1      | Learned a level 3 spell: Static Discharge
  1331 | D:2      | Noticed Ijyb
  1367 | D:2      | Slain by Ijyb

Skill      XL: |  1  2 |
---------------+-------+-----
Air Magic      | 5 |  5.5
Conjurations   | 2 |  2.2
Dodging        | |  2.1
Stealth        | |  2.0
Spellcasting   | |  2.0

Action                   || total
-------------------------++-------
Melee: Unarmed           ||    16
       Kick              ||     5
       Peck              ||     3
 Cast: Shock             ||    69
       Repel Missiles    ||     1
       Static Discharge  ||     2
  Eat: Chunk             ||     3
Armor: Robe              ||     5
Dodge: Dodged            ||    24
       Deflected         ||     1
